[Event "Titled Tuesday Blitz July 18 Early 2023"]
[White "Ambartsumova, Karina"]
[Black "favesaul"]
[WhiteFideId "4166299"]
[WhiteElo "2598"]
[BlackElo "2413"]
[Result "0-1"]
[Round "4"]
[TimeControl "180+2"]
[Date "2023.07.18"]
[WhiteClock "0:00:07"]
[BlackClock "0:00:02"]
[Board "111"]

1. Nf3 Nf6 2. g3 g6 3. Bg2 Bg7 4. O-O O-O 5. d4 d6 6. b3 c5 7. Bb2 cxd4 8. Nxd4 a6 9. c4 e5 10. Nc2 Qe7 11. Nc3 Rd8 12. Ne3 Be6 13. Qd2 Nc6 14. Rfd1 Nd4 15. Ned5 Nxd5 16. Nxd5 Bxd5 17. Bxd5 Rac8 18. e3 Nf5 19. Rac1 h5 20. Qe2 b6 21. Rd2 a5 22. Rcd1 Qg5 23. Qf3 h4 24. Be4 hxg3 25. hxg3 Bf8 26. Bxf5 gxf5 27. Kg2 Re8 28. Rh1 Re6 29. Rh5 Qg6 30. Rxf5 Bg7 31. e4 Qh6 32. Rd1 Rf6 33. Rxf6 Qxf6 34. Qg4 Rd8 35. Bc1 Qg6 36. Qxg6 fxg6 37. Be3 Rb8 38. Rxd6 b5 39. c5 a4 40. c6 axb3 41. axb3 Rc8 42. Bb6 Bf8 43. Rd5 Rxc6 44. Be3 Re6 45. Rxb5 Bg7 46. b4 Rc6 47. Bc5 Kf7 48. Rb7+ Kg8 49. Kf3 Rf6+ 50. Ke2 Rf7 51. f3 Rxb7 52. Kd3 Rd7+ 53. Kc4 Bf6 54. b5 Bd8 55. b6 Rd2 56. Kb5 Rb2+ 57. Kc6 Kf7 58. b7 Ke6 59. Ba7 Rc2+ 60. Kb5 Bc7 61. Ka6 Kd7 62. b8=Q Bxb8 63. Bxb8 Rc3 64. Bxe5 Rxf3 65. Bf4 Ke6 66. e5 Rf1 67. Kb5 Kf5 68. Kc6 g5 69. Bd2 Rf2 70. Be1 Re2 71. Bc3 Re3 72. Bd4 Rxg3 73. Kd5 Rg2 74. e6 Re2 75. Bc5 Rxe6 76. Bf2 g4 77. Bg3 Re3 78. Bf2 Rf3 79. Bh4 g3 80. Kd4 g2 81. Bf2 Rxf2 82. Ke3 Rf1 83. Kd3 g1=Q 84. Ke2 Rf2+ 0-1


[Site "https://www.chess.com"]

[Event "Titled Tuesday Blitz July 18 Early 2023"]
[White "Tarasova, Viktoriya"]
[Black "Petrosian, Karlen"]
[WhiteFideId "4175840"]
[BlackFideId "4176146"]
[WhiteElo "2378"]
[BlackElo "2597"]
[Result "0-1"]
[Round "4"]
[TimeControl "180+2"]
[Date "2023.07.18"]
[WhiteClock "0:00:07"]
[BlackClock "0:00:24"]
[Board "112"]

1. d4 Nf6 2. c4 d6 3. Nf3 g6 4. Nc3 Bf5 5. g3 Bg7 6. Bg2 Ne4 7. O-O Nxc3 8. bxc3 Be4 9. Bh3 O-O 10. Nd2 Bc6 11. e4 b6 12. f4 Bb7 13. f5 c5 14. Bb2 Nc6 15. Nf3 Na5 16. Qe2 cxd4 17. cxd4 Qc8 18. Rac1 Qc6 19. Nd2 Qa4 20. a3 b5 21. fxg6 hxg6 22. Bd7 Bc6 23. Bxc6 Nxc6 24. Nf3 Rab8 25. cxb5 Rxb5 26. Rxc6 Rxb2 27. Qxb2 Qxc6 28. Qe2 Qc3 29. e5 dxe5 30. dxe5 e6 31. Kh1 Qxa3 32. Ng5 Qc5 33. Re1 Qd5+ 34. Kg1 Bh6 35. h4 Bxg5 36. hxg5 Kg7 37. Qf2 Qd8 38. Qxa7 Qxg5 39. Qf2 Rh8 40. Qf3 Qf5 41. Qxf5 gxf5 42. Kf2 Kg6 43. Kf3 Kg5 44. Ra1 Rc8 45. Ra7 Rc3+ 46. Kf2 Kg6 47. Rb7 Rc5 48. Kf3 Rxe5 49. Kf4 Re4+ 50. Kf3 Rg4 51. Kg2 Kf6 52. Kf3 Rg6 53. Kf2 Rg4 54. Kf3 Re4 55. Kf2 Rd4 56. Kf3 Rd6 57. Kf2 e5 58. Kf3 Re6 59. Kf2 Kg6 60. Kf3 f6 61. Kf2 Rd6 62. Rb8 Rd2+ 63. Kf3 Ra2 64. Rg8+ Kf7 65. Rb8 Ra3+ 66. Kf2 Ra4 67. Kf3 f4 68. g4 Kg7 69. Rb7+ Kg6 70. Rb8 Ra3+ 71. Ke4 Re3+ 72. Kd5 f3 73. Rg8+ Kf7 74. Rh8 f2 75. Rh1 Re1 0-1


[Site "https://www.chess.com"]

[Event "Titled Tuesday Blitz July 18 Early 2023"]
[White "Vovk, Orest"]
[Black "Dwilewicz, Katarzyna"]
[WhiteFideId "14113490"]
[BlackFideId "1148486"]
[WhiteElo "2585"]
[BlackElo "2324"]
[Result "0-1"]
[Round "4"]
[TimeControl "180+2"]
[Date "2023.07.18"]
[WhiteClock "0:00:00"]
[BlackClock "0:00:08"]
[Board "113"]

1. g4 d5 2. h3 e5 3. Bg2 Nc6 4. c4 d4 5. Bxc6+ bxc6 6. d3 c5 7. Nf3 Bd6 8. Qa4+ Bd7 9. Qa6 Ne7 10. Nbd2 O-O 11. Ne4 Bc6 12. Nfd2 Qd7 13. Qa5 f5 14. gxf5 Qxf5 15. f3 Qh5 16. b4 Qh4+ 17. Kd1 Nf5 18. Nb3 cxb4 19. c5 Be7 20. Qxb4 Ng3 21. Qe1 Nxh1 22. Qxh1 a5 23. Bd2 a4 24. Na5 Bxe4 25. fxe4 Bxc5 26. Nc4 Bd6 27. Kc2 Rf2 28. Kd1 Raf8 29. Kc2 Rxe2 30. Rf1 Rff2 31. Rxf2 Qxf2 32. Qb1 h6 33. Qb8+ Kh7 34. Qe8 Bb4 35. Qxa4 Rxd2+ 36. Nxd2 Qxd2+ 37. Kb1 Qxd3+ 38. Kc1 Ba3+ 0-1


[Site "https://www.chess.com"]

[Event "Titled Tuesday Blitz July 18 Early 2023"]
[White "Shapiro, Daniel"]
[Black "Lana Rodriguez, David"]
[WhiteFideId "2001780"]
[BlackFideId "2270803"]
[WhiteElo "2321"]
[BlackElo "2582"]
[Result "1-0"]
[Round "4"]
[TimeControl "180+2"]
[Date "2023.07.18"]
[WhiteClock "0:00:11"]
[BlackClock "0:01:32"]
[Board "114"]

1. d4 Nf6 2. c4 e6 3. g3 d5 4. Nf3 Be7 5. Bg2 dxc4 6. O-O Bd7 7. Ne5 Bc6 8. Nxc6 Nxc6 9. e3 O-O 10. Qe2 Na5 11. Nd2 c6 12. Nxc4 Nxc4 13. Qxc4 Qb6 14. b3 Rfd8 15. Bb2 Qb4 16. Rac1 Qxc4 17. Rxc4 Nd5 18. Rd1 Rac8 19. e4 Nb4 20. a3 Na6 21. Rc2 Nc7 22. Bf1 Ne8 23. Rdc1 Nd6 24. f3 Nb5 25. Bxb5 Bg5 26. f4 Bf6 27. e5 Be7 28. Be2 Rd7 29. b4 Rcd8 30. Bf3 g6 31. g4 h6 32. f5 Bg5 33. Re1 gxf5 34. gxf5 exf5 35. Rg2 Kf8 36. Rf2 Bh4 37. Bh5 Bxf2+ 38. Kxf2 Ke7 39. Rg1 b6 40. Rg7 Rf8 41. Rh7 c5 42. bxc5 bxc5 43. Ke3 cxd4+ 44. Bxd4 f4+ 45. Ke4 f3 46. Bc5+ Ke8 47. Bxf8 f2 48. Be2 Rd2 49. Ke3 Ra2 50. Rh8 f1=Q 51. Bxf1 Rxh2 52. Bb5+ Kd8 53. Bd6# 1-0


[Site "https://www.chess.com"]

[Event "Titled Tuesday Blitz July 18 Early 2023"]
[White "Ratnesan, Ranesh"]
[Black "Becerra, Juan David"]
[WhiteFideId "439339"]
[BlackFideId "4404998"]
[WhiteElo "2247"]
[BlackElo "2566"]
[Result "0-1"]
[Round "4"]
[TimeControl "180+2"]
[Date "2023.07.18"]
[WhiteClock "0:01:58"]
[BlackClock "0:01:30"]
[Board "115"]

1. d4 d5 2. c4 e6 3. Nc3 c6 4. Bf4 dxc4 5. a4 Bb4 6. e4 b5 7. Nf3 Nf6 8. Qc2 Nbd7 9. Be2 Bb7 10. O-O a6 11. Rfe1 O-O 12. Rad1 h6 13. Bf1 Nb6 14. axb5 cxb5 15. Qb3 Bxc3 16. Qxc3 Nxe4 17. Qc2 Nf6 0-1


[Site "https://www.chess.com"]

[Event "Titled Tuesday Blitz July 18 Early 2023"]
[White "Gamboa, Juan Pablo"]
[Black "musclemonster12"]
[WhiteFideId "105180"]
[WhiteElo "1969"]
[BlackElo "2557"]
[Result "0-1"]
[Round "4"]
[TimeControl "180+2"]
[Date "2023.07.18"]
[WhiteClock "0:00:56"]
[BlackClock "0:01:36"]
[Board "116"]

1. c4 Nf6 2. Nc3 e6 3. e4 d5 4. cxd5 exd5 5. e5 Ne4 6. Nxe4 dxe4 7. Qa4+ Bd7 8. Qxe4 Bc6 9. Qe3 Be7 10. Bc4 O-O 11. Nf3 Kh8 12. O-O Nd7 13. d4 Nb6 14. b3 Nd5 15. Qd2 f6 16. Bb2 Qd7 17. Rad1 Qg4 18. h3 Qh5 19. Be2 Qg6 20. Nh4 Qe4 21. Nf3 Nf4 22. Bd3 Nxh3+ 23. Kh2 Qg4 24. gxh3 Qxf3 25. Rg1 fxe5 26. Rdf1 e4 27. Be2 Bd6+ 28. Rg3 e3 29. Bxf3 exd2 30. d5 Rxf3 31. Bxg7+ Kg8 32. Be5+ Rxg3 33. Bxg3 Bxd5 34. Bxd6 cxd6 35. Rd1 Kf7 36. Rxd2 Ke6 37. f4 Rg8 38. h4 Be4 39. Re2 Kf5 40. Rf2 d5 41. a4 d4 42. b4 d3 43. b5 Rg2+ 44. Rxg2 Bxg2 45. Kxg2 d2 0-1


[Site "https://www.chess.com"]

[Event "Titled Tuesday Blitz July 18 Early 2023"]
[White "Goswami, Vedant"]
[Black "demon64fields"]
[WhiteFideId "5003725"]
[WhiteElo "2403"]
[BlackElo "2883"]
[Result "0-1"]
[Round "4"]
[TimeControl "180+2"]
[Date "2023.07.18"]
[WhiteClock "0:00:00"]
[BlackClock "0:00:20"]
[Board "117"]

1. e4 a6 2. Nf3 b5 3. d4 Bb7 4. Bd3 Nf6 5. Qe2 e6 6. O-O d5 7. e5 Nfd7 8. Ng5 c5 9. c3 Nc6 10. Qh5 Qe7 11. Be3 g6 12. Qg4 h6 13. Nf3 Bg7 14. Nbd2 O-O-O 15. a4 c4 16. Bc2 b4 17. b3 bxc3 18. Nb1 cxb3 19. Bxb3 Na5 20. Bc2 Qb4 21. Na3 Bf8 22. Rfb1 Qxa3 23. Rxa3 Bxa3 24. Qf4 Rhf8 25. Bc1 Be7 26. Qe3 Nc4 27. Qxc3 Nb8 28. Bd3 Rd7 29. Bxh6 Rh8 30. Bg7 Re8 31. Bf6 Bf8 32. Bxc4 Rc7 33. Nd2 dxc4 34. f3 Bd5 35. h4 Nd7 36. Ne4 Rb7 37. Rxb7 Kxb7 38. Qb2+ Kc7 39. Qc3 Rb8 40. Qa5+ Rb6 41. Nc3 Kc6 42. Bd8 Bb4 43. Bxb6 Bxa5 44. Bxa5 Nb8 45. Kf2 Kd7 46. g4 Nc6 47. Bb6 Ke8 48. Bc5 f6 49. h5 gxh5 50. gxh5 fxe5 51. h6 Kf7 52. dxe5 Kg6 53. f4 Kxh6 54. Ke3 Kg6 55. Bd6 Kf5 56. Bc7 Nb4 57. Ne2 Kg4 58. Nd4 Nd3 59. Ba5 Nxf4 60. Bd2 Ng6 0-1


[Site "https://www.chess.com"]

[Event "Titled Tuesday Blitz July 18 Early 2023"]
[White "Wagh Suyog"]
[Black "Garsky, Vladyslav"]
[WhiteFideId "25071688"]
[BlackFideId "34100270"]
[WhiteElo "2814"]
[BlackElo "2398"]
[Result "0-1"]
[Round "4"]
[TimeControl "180+2"]
[Date "2023.07.18"]
[WhiteClock "0:00:02"]
[BlackClock "0:00:17"]
[Board "118"]

1. e4 c6 2. d4 d5 3. e5 c5 4. dxc5 e6 5. a3 Bxc5 6. Qg4 Kf8 7. b4 Be7 8. Nf3 f6 9. Bb2 Nh6 10. Qf4 Nf7 11. Bd3 Nc6 12. exf6 Bxf6 13. Bxf6 Qxf6 14. Qxf6 gxf6 15. O-O e5 16. Be2 Be6 17. Nbd2 Rg8 18. c4 d4 19. Rfe1 Bf5 20. c5 Rd8 21. Bc4 Ne7 22. Ne4 Bxe4 23. Rxe4 f5 24. Rxe5 Nxe5 25. Nxe5 Rg7 26. Nd3 Ng6 27. Kf1 Re7 28. Rd1 Ne5 29. Nxe5 Rxe5 30. Bd3 Kg7 31. g3 Kf6 32. Rc1 Rc8 33. Rc4 Rd5 34. Ke2 Re8+ 35. Kd2 Kg5 36. c6 bxc6 37. Rxc6 f4 38. gxf4+ Kxf4 39. Bxh7 Rh8 40. Rc7 Rh5 41. Bd3 Rxh2 42. Rf7+ Kg4 43. b5 Kh3 44. Rg7 Rxf2+ 45. Ke1 Ra2 46. Rd7 Rc8 47. Be2 Rc1+ 48. Bd1 Rh2 49. Rxd4 Rh1+ 50. Ke2 Ra1 51. a4 Kg3 52. Rd3+ Kf4 53. Bb3 Rh2# 0-1


[Site "https://www.chess.com"]

[Event "Titled Tuesday Blitz July 18 Early 2023"]
[White "Tsaruk, Maksim"]
[Black "Hoffmann, Asa"]
[WhiteFideId "13511173"]
[BlackFideId "2001470"]
[WhiteElo "2743"]
[BlackElo "2397"]
[Result "1-0"]
[Round "4"]
[TimeControl "180+2"]
[Date "2023.07.18"]
[WhiteClock "0:01:12"]
[BlackClock "0:01:09"]
[Board "119"]

1. e4 d6 2. d3 Nf6 3. Nd2 c6 4. Ngf3 e5 5. g3 Be7 6. Bg2 Nbd7 7. O-O O-O 8. Re1 Re8 9. Nf1 Bf8 10. Ne3 Nb6 11. c4 d5 12. cxd5 cxd5 13. exd5 Nbxd5 14. Nxd5 Nxd5 15. Nxe5 Be6 16. d4 Rc8 17. h4 Nb4 18. Be4 f6 19. Qh5 g6 20. Nxg6 hxg6 21. Qxg6+ Bg7 22. Bh6 Rc7 23. Qh7+ Kf8 24. Qh8+ Bg8 25. Bh7 Rxe1+ 26. Rxe1 Qd5 27. Bxg8 Qxg8 28. Re8+ 1-0


[Site "https://www.chess.com"]

[Event "Titled Tuesday Blitz July 18 Early 2023"]
[White "Agibileg, Uurtsaikh"]
[Black "Romero Ruscalleda, Josep"]
[WhiteFideId "4901606"]
[BlackFideId "2231859"]
[WhiteElo "2617"]
[BlackElo "2397"]
[Result "1-0"]
[Round "4"]
[TimeControl "180+2"]
[Date "2023.07.18"]
[WhiteClock "0:00:55"]
[BlackClock "0:00:22"]
[Board "120"]

1. d4 g6 2. c4 Bg7 3. Nc3 d6 4. e4 e5 5. Be3 Nc6 6. d5 Nce7 7. g4 f5 8. gxf5 gxf5 9. exf5 Bxf5 10. Nf3 Nf6 11. Nh4 Bg4 12. Be2 Qd7 13. Bxg4 Qxg4 14. Qxg4 Nxg4 15. Rg1 Nxe3 16. fxe3 Bf6 17. Nf3 Kd7 18. Ne4 Raf8 19. Ke2 Nf5 20. Raf1 Bd8 21. Nfg5 Bxg5 22. Rxg5 Ne7 23. Nf6+ Kc8 24. Rg7 Ng6 25. Nxh7 Rxf1 26. Kxf1 b6 27. Kf2 Nf8 28. Nxf8 Rxf8+ 29. Kg3 Rf1 30. Rh7 Rg1+ 31. Kf3 Rf1+ 32. Ke4 Rf2 33. b4 Rxa2 34. h4 a5 35. bxa5 bxa5 36. Kd3 a4 37. Kc3 Re2 38. Kb4 Rxe3 39. Kxa4 Rh3 40. Kb5 Kb7 41. c5 dxc5 42. d6 Kc8 43. Kc6 Kb8 44. dxc7+ 1-0


[Site "https://www.chess.com"]

[Event "Titled Tuesday Blitz July 18 Early 2023"]
[White "Melikhov, Evgeny V."]
[Black "WynnZawHtun82"]
[WhiteFideId "4122046"]
[WhiteElo "2397"]
[BlackElo "2599"]
[Result "1-0"]
[Round "4"]
[TimeControl "180+2"]
[Date "2023.07.18"]
[WhiteClock "0:00:32"]
[BlackClock "0:00:04"]
[Board "121"]

1. d4 Nf6 2. c4 e6 3. Nc3 d5 4. cxd5 exd5 5. Bg5 Be7 6. e3 c6 7. Qc2 O-O 8. Bd3 Nbd7 9. Nf3 Re8 10. O-O Nf8 11. h3 Ng6 12. Ne5 Nd7 13. Bxe7 Qxe7 14. f4 Nb6 15. Rae1 Nf8 16. Qf2 f6 17. Nf3 Be6 18. g4 Nbd7 19. Kh1 b5 20. Rg1 a6 21. f5 Bf7 22. g5 fxg5 23. Nxg5 Nf6 24. Nxf7 Qxf7 25. Rg5 h6 26. Rg3 b4 27. Ne2 N8h7 28. Reg1 Ng5 29. h4 Nfe4 30. Bxe4 Nxe4 31. Rxg7+ Qxg7 32. Rxg7+ Kxg7 33. Qf4 Nf6 34. Qc7+ Kh8 35. Nf4 Rg8 36. Ng6+ Rxg6 37. fxg6 Rg8 38. h5 Nxh5 39. Qh7# 1-0


[Site "https://www.chess.com"]

[Event "Titled Tuesday Blitz July 18 Early 2023"]
[White "Krutko, Anatoly"]
[Black "Chitlange Sakshi"]
[WhiteFideId "4185862"]
[BlackFideId "35002899"]
[WhiteElo "2591"]
[BlackElo "2393"]
[Result "1/2-1/2"]
[Round "4"]
[TimeControl "180+2"]
[Date "2023.07.18"]
[WhiteClock "0:00:12"]
[BlackClock "0:00:15"]
[Board "122"]

1. Nf3 d5 2. g3 Nc6 3. Bg2 e5 4. O-O Bd6 5. d3 Nge7 6. Nbd2 O-O 7. e4 d4 8. Nc4 Be6 9. Nxd6 Qxd6 10. a4 h6 11. b3 Nb4 12. a5 c5 13. Bd2 Nec6 14. Nh4 Qd7 15. f4 exf4 16. gxf4 f5 17. Bxb4 cxb4 18. a6 b6 19. exf5 Bd5 20. Bxd5+ Qxd5 21. Qf3 Rad8 22. Qxd5+ Rxd5 23. Rfe1 Kf7 24. Re6 Rc8 25. Rae1 Rc5 26. R1e2 Rc7 27. R2e4 Rxc2 28. Ng6 Rc8 29. Rxc6 R8xc6 30. Ne5+ Kf6 31. Nxc6 Rxc6 32. Rxd4 Kxf5 33. Rxb4 Rc1+ 34. Kf2 Kg4 35. Rd4 Ra1 36. Rd7 Rxa6 37. Rxg7+ Kxf4 38. Rf7+ Kg5 39. Ke3 Ra2 40. b4 Rxh2 41. Rxa7 Rb2 42. Rg7+ Kf6 43. Rg8 Rxb4 44. d4 Rb1 45. Ke4 h5 46. d5 Rd1 47. Rb8 Rb1 48. Rh8 h4 49. d6 Ke6 50. Rh6+ Kd7 51. Ke5 Rb5+ 52. Kd4 Rb4+ 53. Ke5 Rb5+ 54. Kd4 Kc6 55. Kc4 Rc5+ 56. Kd4 Rd5+ 57. Kc4 b5+ 58. Kb4 Rxd6 59. Rxh4 Kb6 60. Rh5 Rd4+ 61. Kb3 Ka5 62. Rh3 Re4 63. Rg3 Rd4 64. Rh3 Rd1 65. Rg3 Rb1+ 66. Ka2 Rf1 67. Kb2 Ka4 68. Rh3 b4 69. Rg3 Rf2+ 70. Kb1 b3 71. Rg8 Ka3 72. Ra8+ Kb4 73. Rb8+ Kc3 74. Rc8+ Kd3 75. Rd8+ Kc4 76. Rc8+ Kb5 77. Rb8+ Ka4 78. Ra8+ Kb5 79. Rb8+ Ka4 80. Ra8+ Kb5 81. Rb8+ 1/2-1/2


[Site "https://www.chess.com"]

[Event "Titled Tuesday Blitz July 18 Early 2023"]
[White "Rian, Kapriaga"]
[Black "Colas, Joshua"]
[WhiteFideId "7103263"]
[BlackFideId "2044447"]
[WhiteElo "2388"]
[BlackElo "2582"]
[Result "0-1"]
[Round "4"]
[TimeControl "180+2"]
[Date "2023.07.18"]
[WhiteClock "0:00:00"]
[BlackClock "0:00:56"]
[Board "123"]

1. d4 Nf6 2. Nf3 d5 3. Bf4 e6 4. Nbd2 Bd6 5. Bg5 Nbd7 6. e4 dxe4 7. Nxe4 Be7 8. Bxf6 Nxf6 9. Bd3 c5 10. Nxc5 Bxc5 11. dxc5 Qa5+ 12. c3 Qxc5 13. O-O O-O 14. Qe2 b6 15. Ba6 Qa5 16. Bxc8 Raxc8 17. Rfd1 h6 18. h3 Rfd8 19. Ne5 Rxd1+ 20. Rxd1 Qxa2 21. Rd2 Qb1+ 22. Kh2 Qf5 23. Nf3 Nd5 24. Qa6 Rc7 25. Qb5 Kh7 26. c4 Qf4+ 27. Kg1 Qxc4 28. Qe8 Qf4 29. Rd1 Rc2 30. b3 Nc3 31. Re1 Ne2+ 32. Kf1 Nd4 33. Qd7 Nxf3 0-1


[Site "https://www.chess.com"]

[Event "Titled Tuesday Blitz July 18 Early 2023"]
[White "Duarte, Leonardo"]
[Black "Fonseca Manrique, Enrique"]
[WhiteFideId "110582"]
[BlackFideId "5114330"]
[WhiteElo "2387"]
[BlackElo "2580"]
[Result "0-1"]
[Round "4"]
[TimeControl "180+2"]
[Date "2023.07.18"]
[WhiteClock "0:00:00"]
[BlackClock "0:00:50"]
[Board "124"]

1. e4 c5 2. Nf3 e6 3. d4 cxd4 4. Nxd4 Nc6 5. Nc3 Qc7 6. Be3 a6 7. Qd2 Nf6 8. f3 Be7 9. O-O-O b5 10. g4 Bb7 11. g5 Nh5 12. Kb1 Nxd4 13. Bxd4 O-O 14. Ne2 e5 15. Bc3 a5 16. Qxd7 Rfc8 17. Qxc7 Rxc7 18. Bxe5 Rc5 19. Bd6 Rd8 20. Bh3 Rxd6 21. Rxd6 Bxd6 22. Rd1 Bf8 23. Bg4 Rxg5 24. h4 Rc5 25. Rd7 Bc8 26. Rd8 Bxg4 27. fxg4 Nf6 28. Nc3 Nxg4 29. Nd5 g6 30. h5 Kg7 31. h6+ Nxh6 0-1


[Site "https://www.chess.com"]

[Event "Titled Tuesday Blitz July 18 Early 2023"]
[White "Jegorovas, Aleksandras"]
[Black "Sadykov, Ramil"]
[WhiteFideId "12801950"]
[BlackFideId "24113590"]
[WhiteElo "2385"]
[BlackElo "2579"]
[Result "0-1"]
[Round "4"]
[TimeControl "180+2"]
[Date "2023.07.18"]
[WhiteClock "0:01:22"]
[BlackClock "0:01:15"]
[Board "125"]

1. d4 Nf6 2. c4 e6 3. Nf3 c5 4. e3 cxd4 5. exd4 d5 6. Nc3 Nc6 7. cxd5 Nxd5 8. Bd3 Bd6 9. O-O O-O 10. Re1 Bf4 11. Nxd5 Bxc1 12. Rxc1 Qxd5 13. Rc5 Qd6 14. Bxh7+ Kxh7 15. Ng5+ Kg6 16. Qg4 f5 17. Qh4 Qxd4 18. Qh7+ Kxg5 0-1


[Site "https://www.chess.com"]

[Event "Titled Tuesday Blitz July 18 Early 2023"]
[White "Davidson, Kevin"]
[Black "The_Sherman_Variation"]
[WhiteFideId "2056810"]
[WhiteElo "2374"]
[BlackElo "2573"]
[Result "0-1"]
[Round "4"]
[TimeControl "180+2"]
[Date "2023.07.18"]
[WhiteClock "0:00:00"]
[BlackClock "0:01:14"]
[Board "126"]

1. e4 e5 2. Nf3 Nc6 3. Bb5 a6 4. Ba4 Nf6 5. O-O Bc5 6. c3 b5 7. Bc2 d6 8. d4 Bb6 9. a4 Bb7 10. Na3 b4 11. Nc4 bxc3 12. bxc3 O-O 13. a5 Ba7 14. dxe5 dxe5 15. Qxd8 Rfxd8 16. Bg5 Re8 17. Bxf6 gxf6 18. Nh4 Bc8 19. Ba4 Re6 20. Rfd1 Bb7 21. Rd7 Ne7 22. Re1 Rc8 23. g3 Kf8 24. Nf5 Nxf5 25. exf5 Re7 26. Rb1 Be4 27. Rb2 Bxf5 28. Rxe7 Kxe7 29. Rb7 Bc5 30. Bc6 Kd8 31. Kg2 Be6 32. Ne3 Bd7 33. Bxd7 Kxd7 34. Kf3 Kc6 35. Rb2 Rd8 36. Ke4 Bxe3 37. fxe3 Rd5 38. Rf2 Rd6 39. c4 Kc5 0-1


[Site "https://www.chess.com"]

[Event "Titled Tuesday Blitz July 18 Early 2023"]
[White "Garcia Blanco, Omar"]
[Black "Mejia, Cherry Ann"]
[WhiteFideId "2287153"]
[BlackFideId "5206880"]
[WhiteElo "2571"]
[BlackElo "2374"]
[Result "1-0"]
[Round "4"]
[TimeControl "180+2"]
[Date "2023.07.18"]
[WhiteClock "0:02:37"]
[BlackClock "0:01:43"]
[Board "127"]

1. e4 c5 2. Nc3 a6 3. g3 b5 4. Bg2 Bb7 5. Nge2 e6 6. d4 cxd4 7. Nxd4 Qc7 8. O-O Nf6 9. Re1 d6 10. a4 b4 11. Nd5 exd5 12. exd5+ Be7 13. Nf5 O-O 14. Rxe7 Qc8 15. Bh3 Nbd7 16. Bg5 Qc5 17. Bxf6 Nxf6 18. Rxb7 Nxd5 19. Qxd5 1-0


[Site "https://www.chess.com"]

[Event "Titled Tuesday Blitz July 18 Early 2023"]
[White "ArturoCaceres"]
[Black "Souleidis, Georgios"]
[BlackFideId "4206827"]
[WhiteElo "2373"]
[BlackElo "2565"]
[Result "1/2-1/2"]
[Round "4"]
[TimeControl "180+2"]
[Date "2023.07.18"]
[WhiteClock "0:00:02"]
[BlackClock "0:00:15"]
[Board "128"]

1. e4 c5 2. Ke2 e6 3. Nf3 d5 4. d3 Nc6 5. Nbd2 b6 6. g3 Ba6 7. exd5 exd5 8. Bg2 Nf6 9. Rf1 Bd6 10. Re1 O-O 11. Kf1 h6 12. Kg1 Bb7 13. Nh4 Qd7 14. Nf1 Rae8 15. Ne3 Ne7 16. Bd2 d4 17. Nc4 Bxg2 18. Kxg2 Bc7 19. a4 g5 20. Nf3 Ng6 21. h3 Qd5 22. Rxe8 Rxe8 23. Qh1 a6 24. Re1 Rxe1 25. Qxe1 b5 26. axb5 axb5 27. Na3 Ne5 28. Qe2 b4 29. Nc4 Nfd7 30. Nxe5 Nxe5 31. Qe4 Qxe4 32. dxe4 Nc4 33. Bc1 f6 34. Nd2 Nb6 35. b3 Kf7 36. Nf3 Be5 37. Ne1 c4 38. bxc4 Nxc4 39. Nd3 Bd6 40. Kf1 Na3 41. Ne1 h5 42. Ke2 g4 43. hxg4 hxg4 44. Kd3 Bc5 45. f3 gxf3 46. Nxf3 Kg6 47. Bb2 Kh5 48. Bxd4 Bxd4 49. Nxd4 Kg4 50. Nf5 Kf3 51. Nd4+ Kxg3 52. Nc6 Kf4 53. Nxb4 f5 54. exf5 Nxc2 55. f6 Nxb4+ 56. Kc4 Nc6 57. Kd5 Nd8 58. Kd6 Kf5 59. Ke7 Kg6 60. Kxd8 Kxf6 1/2-1/2


[Site "https://www.chess.com"]

[Event "Titled Tuesday Blitz July 18 Early 2023"]
[White "Gavrilov, Maxim"]
[Black "Omariev, Maksim"]
[WhiteFideId "24271454"]
[BlackFideId "4193423"]
[WhiteElo "2558"]
[BlackElo "2368"]
[Result "0-1"]
[Round "4"]
[TimeControl "180+2"]
[Date "2023.07.18"]
[WhiteClock "0:00:00"]
[BlackClock "0:00:05"]
[Board "129"]

1. d4 h5 2. c4 h4 3. h3 d6 4. Nc3 Nc6 5. e4 e5 6. Nf3 exd4 7. Nxd4 Nxd4 8. Qxd4 Ne7 9. Bg5 Be6 10. Be2 Qd7 11. O-O-O Nc6 12. Qe3 f6 13. Bf4 g5 14. Bh2 Bh6 15. Kb1 O-O-O 16. Nd5 Rhf8 17. c5 Kb8 18. cxd6 cxd6 19. Bb5 Ka8 20. Nb4 Qc7 21. Rc1 Qa5 22. Nxc6 Qxa2+ 23. Kc2 bxc6 24. Bxc6+ Kb8 25. Ra1 Qc4+ 26. Kb1 Qxc6 27. Qxa7+ Kc8 28. Rc1 Bc4 29. Qa8+ Qxa8 30. Rxa8+ Kb7 31. Rxd8 Bd3+ 32. Ka2 Rxd8 33. f3 f5 34. e5 dxe5 35. Bxe5 Bf8 36. Rc7+ Kb6 37. Rf7 Re8 38. Bd4+ Bc5 39. Rf6+ Kb5 40. Bc3 Be3 41. Kb3 Bc4+ 42. Kc2 Bf4 43. Rxf5+ Kc6 44. b3 Re2+ 45. Kd1 Bd3 46. Rf6+ Kb5 47. Rf8 Rxg2 48. Rb8+ Kc6 49. Rd8 Be2+ 50. Ke1 Bxf3 51. Rc8+ Kd7 52. Rg8 Bg3+ 53. Kf1 Bf4 54. Rg7+ Kc6 55. Rf7 Rh2 56. Bd4 Bg2+ 57. Kg1 Bxh3 58. Rxf4 Rg2+ 59. Kh1 gxf4 0-1


[Site "https://www.chess.com"]

[Event "Titled Tuesday Blitz July 18 Early 2023"]
[White "Zhang, Eric"]
[Black "Fajdetic, Hrvoje"]
[WhiteFideId "30907667"]
[BlackFideId "14501945"]
[WhiteElo "2553"]
[BlackElo "2367"]
[Result "1-0"]
[Round "4"]
[TimeControl "180+2"]
[Date "2023.07.18"]
[WhiteClock "0:01:01"]
[BlackClock "0:00:02"]
[Board "130"]

1. d4 d5 2. c4 e6 3. Nc3 f5 4. Nf3 c6 5. Bg5 Nf6 6. e3 Bd6 7. cxd5 exd5 8. Ne5 O-O 9. Be2 Nbd7 10. f4 Qe8 11. Bxf6 Nxf6 12. O-O Ne4 13. Qe1 Bxe5 14. fxe5 Qe7 15. Nxe4 fxe4 16. Qg3 Be6 17. a3 Rxf1+ 18. Rxf1 Rf8 19. Rxf8+ Qxf8 20. Bg4 Qe7 21. Kf2 b6 22. Qh3 Bf7 23. Bd7 c5 24. e6 Bg6 25. Qg3 cxd4 26. exd4 Qf6+ 27. Ke3 h6 28. Qf4 Qxf4+ 29. Kxf4 Kf8 30. Bb5 Ke7 31. Ke5 e3 32. Be2 Be8 33. Kxd5 Ba4 34. Ke5 Bb3 35. d5 Ba2 36. d6+ Kd8 37. e7+ 1-0


[Site "https://www.chess.com"]

[Event "Titled Tuesday Blitz July 18 Early 2023"]
[White "Mamedov, Edgar"]
[Black "K2JW"]
[WhiteFideId "13739980"]
[WhiteElo "2550"]
[BlackElo "2365"]
[Result "1-0"]
[Round "4"]
[TimeControl "180+2"]
[Date "2023.07.18"]
[WhiteClock "0:00:30"]
[BlackClock "0:00:01"]
[Board "131"]

1. d4 c6 2. c4 d5 3. cxd5 cxd5 4. Nc3 Nf6 5. Bg5 Nc6 6. Bxf6 exf6 7. e3 g6 8. g3 Be6 9. Bg2 Qd7 10. Nge2 Bb4 11. O-O h5 12. h4 g5 13. Qb3 O-O-O 14. Rac1 gxh4 15. gxh4 Rhg8 16. Ng3 Bd6 17. Nb5 Bb8 18. Rc5 Bh3 19. Rxd5 Qg4 20. Rxd8+ Rxd8 21. Rc1 Bxg2 22. Kxg2 Bxg3 23. Nxa7+ Kc7 24. fxg3 Rg8 25. e4 Qxe4+ 26. Kh2 Qe2+ 27. Kg1 Qg4 28. d5 Qd4+ 29. Kf1 Qxa7 30. dxc6 Qa6+ 31. Kf2 Qa7+ 32. Kg2 Qa6 1-0


[Site "https://www.chess.com"]

[Event "Titled Tuesday Blitz July 18 Early 2023"]
[White "Tikhonov, Viacheslav"]
[Black "Nithyalakshmi, Sivanesan"]
[WhiteFideId "44196407"]
[BlackFideId "5706955"]
[WhiteElo "2529"]
[BlackElo "2361"]
[Result "1-0"]
[Round "4"]
[TimeControl "180+2"]
[Date "2023.07.18"]
[WhiteClock "0:01:20"]
[BlackClock "0:00:00"]
[Board "132"]

1. d4 d5 2. c4 c6 3. Nf3 Nf6 4. e3 e6 5. Nbd2 Nbd7 6. Bd3 dxc4 7. Nxc4 Nb6 8. Nce5 Bb4+ 9. Bd2 Qe7 10. O-O O-O 11. Qc2 h6 12. Rac1 Bd6 13. Ba5 Nbd5 14. Nc4 Nb4 15. Bxb4 Bxb4 16. a3 Bd6 17. Nxd6 Qxd6 18. Qc5 Qd5 19. b4 Ne4 20. Bxe4 Qxe4 21. Ne5 f6 22. Nc4 e5 23. dxe5 fxe5 24. Qxe5 Qg6 25. Nd6 Be6 26. Nxb7 Bd5 27. Qg3 Qe6 28. Nc5 Qe7 29. e4 Bf7 30. f3 Rad8 31. Rfd1 Qf6 32. Qf2 Bg6 33. Nd7 Qe7 34. Nxf8 Rxf8 35. Rxc6 Bxe4 36. Qa2+ Kh8 37. fxe4 Qxe4 38. Rcd6 Qe3+ 39. Kh1 Rf2 40. Rd8+ Kh7 41. Qg8+ Kg6 42. R8d6+ Kh5 43. Qd5+ g5 44. h3 Qe2 45. Qd3 1-0


[Site "https://www.chess.com"]